 Dungeon Crawl Stone Soup version 0.23-a0-208-gb6b040f (webtiles) character file.

432 Felrender the Shield-Bearer (level 6, -8/48 HPs)
             Began as a Demonspawn Fighter on Sept 24, 2018.
             Mangled by an ogre
             ... wielding a cursed -3 giant spiked club
              (15 damage)
             ... on level 4 of the Dungeon.
             The game lasted 00:05:18 (1938 turns).

Felrender the Shield-Bearer (Demonspawn Fighter)    Turns: 1938, Time: 00:05:19

Health: -8/48      AC: 13    Str: 18    XL:     6   Next: 67%
Magic:  6/6        EV:  5    Int:  9    God:
Gold:   183        SH:  9    Dex: 13    Spells: 5/5 levels left

rFire    . . .     SeeInvis .   a - +1 long sword
rCold    . . .     Gourm    .   c - +0 shield
rNeg     . . .     Faith    .   j - +0 chain mail
rPois    .         Spirit   .   (no helmet)
rElec    .         Reflect  .   k - +0 cloak
rCorr    .         Harm     .   (no gloves)
MR       .....                  d - +0 pair of boots
Stlth    ..........             i - amulet of regeneration
HPRegen  0.56/turn              (no ring)
MPRegen  0.10/turn              (no ring)

@: no status effects
A: molten scales 1, spiny 1
a: no special abilities


You were on level 4 of the Dungeon.
You were hungry.

You visited 1 branch of the dungeon, and saw 4 of its levels.

You collected 183 gold pieces.

Inventory:

Hand Weapons
 a - a +1 long sword (weapon)
Armour
 c - a +0 shield (worn)
 d - a +0 pair of boots (worn)
 j - a +0 chain mail (worn)
 k - a +0 cloak (worn)
Jewellery
 i - an amulet of regeneration (around neck)
Scrolls
 b - 2 scrolls of remove curse
 h - 2 scrolls of teleportation
Comestibles
 f - 5 rations
 g - 2 chunks of flesh


   Skills:
 + Level 3.8 Fighting
 + Level 4.1 Long Blades
 + Level 4.0 Armour
 + Level 0.7 Dodging
 + Level 0.4 Stealth
 + Level 4.1 Shields


You had 5 spell levels left.
You didn't know any spells.
Your spell library was empty.

Dungeon Overview and Level Annotations

Branches:
Dungeon (4/15)
 Temple: D:4-7

Altars:
The Shining One


Innate Abilities, Weirdness & Mutations

You are partially covered in molten scales. (AC +2)
You are partially covered in sharp spines.


Message History

* * * LOW HITPOINT WARNING * * *
Your shield and chain mail prevent you from hitting the orc priest.
The orc priest is severely wounded.
The orc priest hits you but does no damage.
You hit the orc priest.
You kill the orc priest!
You slash the orc!
You kill the orc!
You hit the ogre.
The ogre is lightly wounded.
The ogre hits you but does no damage.
You slash the ogre!
The ogre is heavily wounded.
The ogre hits you with a giant spiked club.
* * * LOW HITPOINT WARNING * * *
You hit the ogre.
The ogre is severely wounded.
The ogre is struck by your spines.
The ogre hits you with a giant spiked club!
You die...

..O........#####
#.##.O......P.P##
#..#............##
#..........8....>.
#..............#
#..o...<#
#.......#
#.########)####
#.......@Oo#
############


You could see an ogre and an orc.

Vanquished Creatures
  Sigmund (D:3)
  An orc priest (D:4)
  Natasha (twice) (D:3)
  2 orc wizards (D:4)
  3 adders
  2 oozes
  2 adder zombies (D:4)
  An adder skeleton (D:4)
  2 worms
  2 dart slugs
  A leopard gecko (D:1)
  14 orcs
  A giant cockroach (D:3)
  7 hobgoblins
  6 jackals
  8 kobolds
  A ball python (D:4)
  4 bats
  2 frilled lizards
  8 goblins
  2 leopard gecko skeletons (D:4)
  5 rats
77 creatures vanquished.

Notes
Turn   | Place    | Note
-------+----------+-------------------------------------------
     0 | D:1      | Felrender the Demonspawn Fighter began the quest for the
                  | Orb.
     0 | D:1      | Reached XP level 1. HP: 18/18 MP: 1/1
   189 | D:1      | Gained mutation: You are partially covered in sharp spines.
                  | [demonic ancestry]
   189 | D:1      | Reached XP level 2. HP: 14/24 MP: 2/2
   887 | D:2      | Reached XP level 3. HP: 18/29 MP: 3/3
  1191 | D:2      | Gained mutation: You are partially covered in molten
                  | scales. (AC +2) [demonic ancestry]
  1191 | D:2      | Reached XP level 4. HP: 35/35 MP: 4/4
  1410 | D:3      | Noticed Sigmund
  1420 | D:3      | Killed Sigmund
  1420 | D:3      | Reached XP level 5. HP: 27/42 MP: 5/5
  1507 | D:3      | Noticed Natasha
  1520 | D:3      | Killed Natasha
  1520 | D:3      | Reached XP level 6. HP: 42/48 MP: 6/6
  1530 | D:3      | Found a glowing golden altar of the Shining One.
  1689 | D:3      | Noticed Natasha
  1697 | D:3      | Killed Natasha
  1938 | D:4      | Mangled by an ogre

Vault maps used:
D:1:      elethiomel_arrival_infinity_welcomes_careful_drivers, minivault_23,
          minmay_stone_trees_small
D:3:      tso_altar, uniq_sigmund, uniq_natasha
D:4:      serial_undead, serial_undead_a, serial_undead_c, serial_undead_e,
          serial_undead_a, first_ration, grunt_tough_drop, uniq_grinder

Skill      XL: |  1  2  3  4  5  6 |
---------------+-------------------+-----
Shields        | 3 4 |  4.1
Armour         | 3 4 |  4.0
Long Blades    | 2 3 4 |  4.1
Fighting       | |  3.8
Dodging        | |  0.7
Stealth        | |  0.4

Action                   |  1- 3 |  4- 6 || total
-------------------------+-------+-------++-------
Melee: Long sword        |    88 |   113 ||   201
  Use: Scroll            |     6 |     5 ||    11
       Potion            |       |     3 ||     3
  Eat: Chunk             |     1 |     2 ||     3
Armor: Scale mail        |    40 |     2 ||    42
       Chain mail        |       |    53 ||    53
Dodge: Dodged            |    26 |    16 ||    42
Block: Shield            |    41 |    74 ||   115
       Rpst.: Long sword |     5 |     3 ||     8

Table legend:
 A = Non-vault XP
 B = Vault XP
 C = Vault XP percentage of total XP
 D = Non-vault monster count
 E = Vault monster count
 F = Vault count percentage of total count
                 A         B        C        D         E       F
            +---------+---------+-------+---------+---------+-------
      Total |     335 |     283 |  45.8 |      70 |       7 |   9.1
            +---------+---------+-------+---------+---------+-------
        D:1 |      34 |       0 |   0.0 |      15 |       0 |   0.0
        D:2 |      70 |       0 |   0.0 |      21 |       0 |   0.0
        D:3 |      90 |     264 |  74.6 |      21 |       2 |   8.7
        D:4 |     141 |      19 |  11.9 |      13 |       5 |  27.8
            +---------+---------+-------+---------+---------+-------
